 Dungeon Crawl Stone Soup version 0.21.1-1-g345015fe64 (webtiles) character file.

425 Peloso the Shield-Bearer (level 6, 0/56 HPs)
             Began as a Minotaur Fighter on June 27, 2018.
             Succumbed to Sigmund's poison
             ... on level 2 of the Dungeon.
             The game lasted 00:06:59 (3543 turns).

Peloso the Shield-Bearer (Minotaur Fighter)         Turns: 3543, Time: 00:07:00

Health: 0/56       AC:  7    Str: 21      XL:     6   Next: 64%
Magic:  5/5        EV:  8    Int: 10      God:
Gold:   171        SH: 10    Dex:  8 (11) Spells: 5/5 levels left

rFire    . . .     SeeInvis .   a - +0 long sword
rCold    . . .     Gourm    .   c - +0 shield
rNeg     . . .     Faith    .   b - +0 scale mail
rPois    .         Spirit   .   (helmet restricted)
rElec    .         Reflect  .   (no cloak)
rCorr    .         Harm     .   (no gloves)
MR       .....                  (no boots)
Stlth    ..........             (no amulet)
HPRegen  0.18/turn              (no ring)
MPRegen  0.09/turn              (no ring)

@: brilliant, lethally poisoned (0 -> -23), flying, hasted, very quick
A: retaliatory headbutt, horns 2
a: no special abilities


You were on level 2 of the Dungeon.
You were hungry.

You visited 1 branch of the dungeon, and saw 4 of its levels.

You collected 171 gold pieces.

Inventory:

Hand Weapons
 a - a +0 long sword (weapon)
Missiles
 h - 20 bolts
Armour
 b - a +0 scale mail (worn)
 c - a +0 shield (worn)
Scrolls
 e - 3 scrolls of identify {unknown}
 g - 2 scrolls of remove curse {unknown}
 m - a scroll of enchant armour {unknown}
 n - a scroll of random uselessness {unknown}
 p - a scroll of fear {unknown}
 q - a scroll of enchant weapon {unknown}
Potions
 d - a potion of might
 k - a potion of brilliance
Comestibles
 f - 10 rations
 r - 6 chunks of flesh


   Skills:
 + Level 5.1 Fighting
 + Level 4.3 Long Blades
 + Level 5.3 Armour
 + Level 1.6 Dodging
 + Level 0.4 Stealth
 + Level 5.7 Shields


You had 5 spell levels left.
You didn't know any spells.

Dungeon Overview and Level Annotations

Branches:
Dungeon (4/15)
 Temple: D:4-7

Altars:
Cheibriados
Ru


Innate Abilities, Weirdness & Mutations

You reflexively headbutt those who attack you in melee.
You have a pair of horns on your head.


Message History

You feel a bit more experienced.
* * * LOW HITPOINT WARNING * * *
You feel very sick.
Okay, then.
* * * LOW HITPOINT WARNING * * *
You feel sick.
Things that are here:
a scythe of venom; a robe; the human corpse of Sigmund You butcher the human corpse of Sigmund.
* * * LOW HITPOINT WARNING * * *
You feel sick.
Items here: % ) [ รท a scythe of venom; a robe; 2 chunks of flesh; the human skeleton of Sigmund
* * * LOW HITPOINT WARNING * * *
You feel sick.
* * * LOW HITPOINT WARNING * * *
You feel sick.
* * * LOW HITPOINT WARNING * * *
You feel sick.
You die...

####.#..).########
#
#.................
#
#.##..####(.......
#
#.....####........
#
####...)##........
# ####.##........
# #.##........ #
###.##........ #
#.@.###.....## #
#.#.# .....# #
#.### . #. # #. #.
#. #.


There were no monsters in sight!

Vanquished Creatures
  Sigmund (D:2)
  A hound (D:4)
  An orc wizard (D:4)
  Robin (D:2)
  8 gnolls
  5 adders
  A worm (D:2)
  2 dart slugs (D:1)
  3 leopard geckos
  5 orcs
  2 giant cockroaches
  13 goblins
  4 hobgoblins
  3 jackals (D:4)
  A ball python (D:3)
  A bat (D:1)
  9 frilled lizards
  3 kobolds
  4 rats
68 creatures vanquished.

Notes
Turn   | Place    | Note
-------+----------+-------------------------------------------
     0 | D:1      | Peloso the Minotaur Fighter began the quest for the Orb.
     0 | D:1      | Reached XP level 1. HP: 19/19 MP: 0/0
   417 | D:1      | Reached XP level 2. HP: 25/27 MP: 1/1
   616 | D:2      | Found a snail-covered altar of Cheibriados.
  1025 | D:1      | Reached XP level 3. HP: 32/34 MP: 2/2
  1168 | D:2      | Reached XP level 4. HP: 35/41 MP: 3/3
  1497 | D:2      | You fall through a shaft for 2 floors!
  1609 | D:4      | Reached XP level 5. HP: 41/47 MP: 4/4
  1844 | D:4      | Reached skill level 5 in Shields
  2117 | D:3      | Reached skill level 1 in Dodging
  2199 | D:3      | Found a sacrificial altar of Ru.
  3059 | D:2      | Reached skill level 5 in Armour
  3338 | D:2      | Noticed Robin
  3371 | D:2      | Reached skill level 5 in Fighting
  3380 | D:2      | Killed Robin
  3517 | D:2      | Noticed Sigmund
  3537 | D:2      | Killed Sigmund
  3537 | D:2      | Reached XP level 6. HP: 12/56 MP: 5/5
  3542 | D:2      | HP: 1/56 [poisoned by Sigmund]
  3543 | D:2      | Succumbed to Sigmund's poison

Skill      XL: |  1  2  3  4  5 |
---------------+----------------+-----
Fighting       | 4 5 |  5.1
Armour         | 4 5 |  5.3
Shields        | 4 5 |  5.7
Long Blades    | 3 4 |  4.3
Dodging        | 1 |  1.6
Stealth        | |  0.4

Action                   |  1- 3 |  4- 6 || total
-------------------------+-------+-------++-------
Melee: Long sword        |    32 |   154 ||   186
       Headbutt          |     9 |    23 ||    32
  Use: Potion            |       |     5 ||     5
  Eat: Chunk             |     1 |     7 ||     8
Armor: Scale mail        |    21 |    71 ||    92
Dodge: Dodged            |    22 |    54 ||    76
Block: Shield            |    29 |    76 ||   105
       Rpst.: Long sword |     9 |    12 ||    21
